SL
OAKLAND OAKS @ THUNDER BAY NORTHERN LIONS BC
08/09/2023
 
TOP OF THE 1ST
Oakland Oaks batting - Pitching for Thunder Bay Northern Lions BC : RHP Lou Meadows
Pitching: RHP Lou Meadows
Batting: LHB Jesús Quintanilla 0-0: Ball
1-0: Ball
2-0: Called Strike
2-1: SINGLE (Groundball, 56D)
Batting: LHB Edwin Church 0-0: Called Strike
0-1: Ball
1-1: Ball
2-1: Swinging Strike
2-2: Foul Ball, location: 2F
2-2: Ball
3-2: Fly out, F8 (Flyball, 8RD)
Batting: LHB Mal Wadley 0-0: Ball
Jesús Quintanilla steals 2nd base
1-0: Fly out, F7 (Flyball, 7LS)
Batting: SHB John Allen 0-0: Called Strike
0-1: SINGLE (Groundball, 13) (infield hit)
Jesús Quintanilla to third
Batting: LHB Todd Henry 0-0: Called Strike
0-1: Ball
1-1: Ball
2-1: Fielders Choice at 2nd, U4 (Groundball, 4M)
Top of the 1st over - 0 run(s), 2 hit(s), 0 error(s), 2 left on base; Oakland 0 - Thunder Bay 0
BOTTOM OF THE 1ST
Thunder Bay Northern Lions BC batting - Pitching for Oakland Oaks : RHP Kent Clement
Pitching: RHP Kent Clement
Batting: RHB Keith Fish 0-0: Ball
1-0: Ground out 5-3 (Groundball, 5S)
Batting: LHB Pancho García 0-0: Ground out 4-3 (Groundball, 4)
Batting: SHB Carlos Rodríguez 0-0: Swinging Strike
0-1: Swinging Strike
0-2: Strikes out swinging
Bottom of the 1st over - 0 run(s), 0 hit(s), 0 error(s), 0 left on base; Oakland 0 - Thunder Bay 0
TOP OF THE 2ND
Oakland Oaks batting - Pitching for Thunder Bay Northern Lions BC : RHP Lou Meadows
Batting: LHB Todd Williams 0-0: Ball
1-0: Ball
2-0: Ball
3-0: Base on Balls
Batting: RHB Miguel Fernández 0-0: Swinging Strike
0-1: Ball
1-1: Ball
2-1: Swinging Strike
2-2: Strikes out swinging
Batting: RHB Jim Lee 0-0: Ball
1-0: Fly out, F9 (Flyball, 89M)
Batting: RHB Rafael Durango 0-0: Called Strike
0-1: Ball
1-1: Swinging Strike
1-2: Foul Ball, location: 2F
1-2: Ball
2-2: Ball
3-2: Strikes out swinging
Top of the 2nd over - 0 run(s), 0 hit(s), 0 error(s), 1 left on base; Oakland 0 - Thunder Bay 0
BOTTOM OF THE 2ND
Thunder Bay Northern Lions BC batting - Pitching for Oakland Oaks : RHP Kent Clement
Batting: RHB Robert O'Connor 0-0: Ball
1-0: Called Strike
1-1: Ball
2-1: Ground out 5-3 (Groundball, 5)
Batting: LHB John Brewer 0-0: Ball
1-0: Foul Ball, location: 2F
1-1: Called Strike
1-2: Ball
2-2: Ball
3-2: SINGLE (Groundball, 3L)
Batting: RHB Jonathan Cook 0-0: Swinging Strike
0-1: 2-RUN HOME RUN (Flyball, 7LD), Distance : 362 ft
Batting: LHB Curtis Peters 0-0: Ball
1-0: SINGLE (Flyball, 8LS)
Batting: RHB Ed Whitaker 0-0: Ball
1-0: Called Strike
1-1: Ball
2-1: Ball
3-1: Foul Ball, location: 2F
3-2: Foul Ball, location: 2F
3-2: Grounds into double play, 5-4-3 (Groundball, 56)
Bottom of the 2nd over - 2 run(s), 3 hit(s), 0 error(s), 0 left on base; Oakland 0 - Thunder Bay 2
TOP OF THE 3RD
Oakland Oaks batting - Pitching for Thunder Bay Northern Lions BC : RHP Lou Meadows
Batting: LHB Jesús Quintanilla 0-0: Ball
1-0: Foul Ball, location: 2F
1-1: Ground out 4-3 (Groundball, 4M)
Batting: LHB Edwin Church 0-0: Called Strike
0-1: Swinging Strike
0-2: Ball
1-2: Strikes out swinging
Batting: LHB Mal Wadley 0-0: Called Strike
0-1: Called Strike
0-2: Strikes out looking
Top of the 3rd over - 0 run(s), 0 hit(s), 0 error(s), 0 left on base; Oakland 0 - Thunder Bay 2
BOTTOM OF THE 3RD
Thunder Bay Northern Lions BC batting - Pitching for Oakland Oaks : RHP Kent Clement
Batting: SHB Arturo Robles 0-0: Ball
1-0: Ball
2-0: Called Strike
2-1: Foul Ball, location: 2F
2-2: Ground out 6-3 (Groundball, 6M)
Batting: RHB Keith Fish 0-0: Called Strike
0-1: Ball
1-1: Swinging Strike
1-2: Ground out 6-3 (Groundball, 6)
Batting: LHB Pancho García 0-0: Ball
1-0: Foul Ball, location: 2F
1-1: Ball
2-1: SINGLE (Line Drive, 4D)
Batting: SHB Carlos Rodríguez 0-0: Called Strike
0-1: Ball
1-1: Ball
2-1: Ground out 4-3 (Groundball, 4)
Bottom of the 3rd over - 0 run(s), 1 hit(s), 0 error(s), 1 left on base; Oakland 0 - Thunder Bay 2
TOP OF THE 4TH
Oakland Oaks batting - Pitching for Thunder Bay Northern Lions BC : RHP Lou Meadows
Batting: SHB John Allen 0-0: Foul Ball, location: 2F
0-1: Foul Ball, location: 2F
0-2: Ball
1-2: Ground out 4-3 (Groundball, 4)
Batting: LHB Todd Henry 0-0: Ball
1-0: Ball
2-0: Swinging Strike
2-1: Ball
3-1: Foul Ball, location: 2F
3-2: Foul Ball, location: 2F
3-2: Ground out 4-3 (Groundball, 34)
Batting: LHB Todd Williams 0-0: Ball
1-0: Swinging Strike
1-1: Ball
2-1: Foul Ball, location: 2F
2-2: Foul Ball, location: 2F
2-2: Strikes out swinging
Top of the 4th over - 0 run(s), 0 hit(s), 0 error(s), 0 left on base; Oakland 0 - Thunder Bay 2
BOTTOM OF THE 4TH
Thunder Bay Northern Lions BC batting - Pitching for Oakland Oaks : RHP Kent Clement
Batting: RHB Robert O'Connor 0-0: Foul Ball, location: 2F
0-1: Ball
1-1: Ball
2-1: Foul Ball, location: 2F
2-2: Foul Ball, location: 2F
2-2: Strikes out swinging
Batting: LHB John Brewer 0-0: Ball
1-0: Swinging Strike
1-1: Called Strike
1-2: Foul Ball, location: 2F
1-2: Foul Ball, location: 2F
1-2: Ball
2-2: Strikes out looking
Batting: RHB Jonathan Cook 0-0: Ball
1-0: Ball
2-0: Ball
3-0: Base on Balls
Batting: LHB Curtis Peters 0-0: Ball
1-0: Foul Ball, location: 2F
1-1: Fly out, F6 (Line Drive, 6)
Bottom of the 4th over - 0 run(s), 0 hit(s), 0 error(s), 1 left on base; Oakland 0 - Thunder Bay 2
TOP OF THE 5TH
Oakland Oaks batting - Pitching for Thunder Bay Northern Lions BC : RHP Lou Meadows
Batting: RHB Miguel Fernández 0-0: SINGLE (Line Drive, 56)
Batting: RHB Jim Lee 0-0: Foul Ball, location: 2F
0-1: Ball
1-1: Ball
2-1: Called Strike
2-2: Strikes out swinging
Batting: RHB Rafael Durango 0-0: Called Strike
0-1: Foul Ball, location: 2F
0-2: Ball
1-2: Ball
2-2: Fly out, F8 (Flyball, 8LS)
Batting: LHB Jesús Quintanilla 0-0: Called Strike
0-1: Ball
1-1: Ball
2-1: Foul Ball, location: 2F
2-2: Ball
Miguel Fernández is caught stealing 2nd base
Top of the 5th over - 0 run(s), 1 hit(s), 0 error(s), 0 left on base; Oakland 0 - Thunder Bay 2
BOTTOM OF THE 5TH
Thunder Bay Northern Lions BC batting - Pitching for Oakland Oaks : RHP Kent Clement
Batting: RHB Ed Whitaker 0-0: Foul Ball, location: 2F
0-1: Fly out, F7 (Popup, 6D)
Batting: SHB Arturo Robles 0-0: Ball
1-0: Swinging Strike
1-1: SOLO HOME RUN (Line Drive, 9D), Distance : 355 ft
Batting: RHB Keith Fish 0-0: Called Strike
0-1: Called Strike
0-2: Ball
1-2: Ball
2-2: Strikes out swinging
Batting: LHB Pancho García 0-0: Ground out 4-3 (Groundball, 34)
Bottom of the 5th over - 1 run(s), 1 hit(s), 0 error(s), 0 left on base; Oakland 0 - Thunder Bay 3
TOP OF THE 6TH
Oakland Oaks batting - Pitching for Thunder Bay Northern Lions BC : RHP Lou Meadows
Batting: LHB Jesús Quintanilla 0-0: Ground out 4-3 (Groundball, 4)
Batting: LHB Edwin Church 0-0: Ball
1-0: Swinging Strike
1-1: Fly out, F9 (Flyball, 9M)
Batting: LHB Mal Wadley 0-0: Called Strike
0-1: Called Strike
0-2: Ball
1-2: Ball
2-2: Strikes out swinging
Top of the 6th over - 0 run(s), 0 hit(s), 0 error(s), 0 left on base; Oakland 0 - Thunder Bay 3
BOTTOM OF THE 6TH
Thunder Bay Northern Lions BC batting - Pitching for Oakland Oaks : RHP Kent Clement
Batting: SHB Carlos Rodríguez 0-0: Foul Ball, location: 2F
0-1: Ball
1-1: Swinging Strike
1-2: Ball
2-2: Foul Ball, location: 2F
2-2: Strikes out swinging
Batting: RHB Robert O'Connor 0-0: Called Strike
0-1: Ball
1-1: Fly out, F7 (Line Drive, 7S)
Batting: LHB John Brewer 0-0: Ball
1-0: Ball
2-0: Fly out, F3 (Popup, 23F)
Bottom of the 6th over - 0 run(s), 0 hit(s), 0 error(s), 0 left on base; Oakland 0 - Thunder Bay 3
TOP OF THE 7TH
Oakland Oaks batting - Pitching for Thunder Bay Northern Lions BC : RHP Lou Meadows
Now at 3B: Raúl Valadez
Batting: SHB John Allen 0-0: Ball
1-0: Ground out 5-3 (Groundball, 5S)
Batting: LHB Todd Henry 0-0: Ball
1-0: Called Strike
1-1: Ball
2-1: Ball
3-1: Base on Balls
Batting: LHB Todd Williams 0-0: Called Strike
0-1: Called Strike
0-2: Ball
1-2: Ball
2-2: SINGLE (Line Drive, 4MD)
Todd Henry to second
Batting: RHB Miguel Fernández 0-0: Called Strike
0-1: Ball
1-1: Fly out, F7 (Flyball, 7M)
Batting: RHB Jim Lee 0-0: Foul Ball, location: 2F
0-1: Hit by Pitch
Todd Henry to third
Todd Williams to second
Batting: RHB Rafael Durango 0-0: Ball
1-0: Called Strike
1-1: Ball
2-1: Hit by Pitch
Todd Henry scores
Todd Williams to third
Jim Lee to second
Pitching: LHP Xavier Perea
Pinch Hitting: RHB Gabriel Maldonado 0-0: Ball
1-0: Foul Ball, location: 2F
1-1: Swinging Strike
1-2: Fly out, F8 (Line Drive, 8LM)
Top of the 7th over - 1 run(s), 1 hit(s), 0 error(s), 3 left on base; Oakland 1 - Thunder Bay 3
BOTTOM OF THE 7TH
Thunder Bay Northern Lions BC batting - Pitching for Oakland Oaks : RHP Kent Clement
Now at 3B: Jim Allen
Batting: RHB Jonathan Cook 0-0: Called Strike
0-1: Foul Ball, location: 2F
0-2: Foul Ball, location: 2F
0-2: DOUBLE (Line Drive, 7LM)
Batting: LHB Curtis Peters 0-0: Ball
1-0: Bunted foul
1-1: Bunt missed!
1-2: Ball
2-2: SINGLE (Groundball, 4MD)
Jonathan Cook to third
Runner from 3rd tries for Home, SAFE, throw made home
Pitching: RHP Júlio Saldaña
Batting: RHB Ed Whitaker 0-0: Ball
1-0: Ball
Curtis Peters steals 2nd base
2-0: Called Strike
2-1: Ball
3-1: Hit by Pitch
Batting: SHB Arturo Robles 0-0: Ball
1-0: Bunted foul
1-1: Bunted foul
1-2: Ball
2-2: Grounds out, U3 (Groundball, 3L)
Curtis Peters to third
Batting: RHB Keith Fish 0-0: Ball
1-0: Swinging Strike
1-1: Ball
2-1: Ball
3-1: Foul Ball, location: 2F
3-2: Foul Ball, location: 2F
3-2: Base on Balls
Batting: LHB Pancho García 0-0: Called Strike
0-1: Ball
1-1: Ball
2-1: Called Strike
2-2: Fielders Choice at 2nd, 3-6 (Groundball, 34)
Curtis Peters scores
Ed Whitaker to third
Batting: RHB Raúl Valadez 0-0: Called Strike
0-1: Ball
1-1: DOUBLE (Groundball, 5L)
Ed Whitaker scores
Pancho García to third
Runner from 3rd tries for Home, throw and OUT!
Bottom of the 7th over - 3 run(s), 3 hit(s), 0 error(s), 1 left on base; Oakland 1 - Thunder Bay 6
TOP OF THE 8TH
Oakland Oaks batting - Pitching for Thunder Bay Northern Lions BC : LHP Xavier Perea
Batting: LHB Edwin Church 0-0: Ball
1-0: Ball
2-0: Called Strike
2-1: Foul Ball, location: 2F
2-2: Strikes out swinging, 2-3 out at first.
Batting: LHB Mal Wadley 0-0: Ball
1-0: Ball
2-0: Ball
3-0: Called Strike
3-1: Foul Ball, location: 2F
3-2: Foul Ball, location: 2F
3-2: Strikes out looking
Batting: SHB John Allen 0-0: Called Strike
0-1: Ball
1-1: Foul Ball, location: 2F
1-2: Ball
2-2: Ball
3-2: Foul Ball, location: 2F
3-2: Foul Ball, location: 2F
3-2: Foul Ball, location: 2F
3-2: Fly out, F9 (Flyball, 89M)
Top of the 8th over - 0 run(s), 0 hit(s), 0 error(s), 0 left on base; Oakland 1 - Thunder Bay 6
BOTTOM OF THE 8TH
Thunder Bay Northern Lions BC batting - Pitching for Oakland Oaks : RHP Júlio Saldaña
Batting: RHB Robert O'Connor 0-0: Called Strike
0-1: Ball
1-1: SINGLE (Groundball, 6M)
Batting: LHB John Brewer 0-0: Ball
1-0: Called Strike
1-1: Ball
2-1: Reached on error, E4 (Groundball, 4)
Robert O'Connor to second
Batting: RHB Jonathan Cook 0-0: SINGLE (Line Drive, 4MD)
Robert O'Connor to third
John Brewer to second
Runner from 3rd tries for Home, SAFE, throw made home
Pitching: RHP José Caballero
Batting: LHB Curtis Peters 0-0: Bunted foul
0-1: Bunted foul
0-2: SINGLE (Flyball, 78S)
John Brewer to third
Jonathan Cook to second
Batting: RHB Ed Whitaker 0-0: Ball
1-0: Swinging Strike
1-1: Fly out, F7 (Flyball, 7M)
Runner from 3rd tags up, SCORES, throw made
Batting: SHB Arturo Robles 0-0: Fly out, F5 (Line Drive, 5L)
Batting: RHB Keith Fish 0-0: Hit by Pitch
Jonathan Cook to third
Curtis Peters to second
Batting: LHB Pancho García 0-0: Called Strike
0-1: DOUBLE (Flyball, 89XD)
Jonathan Cook scores
Curtis Peters scores
Keith Fish to third
Batting: RHB Raúl Valadez 0-0: Called Strike
0-1: Ball
1-1: Foul Ball, location: 2F
1-2: Ground out 6-3 (Groundball, 6)
Bottom of the 8th over - 4 run(s), 4 hit(s), 1 error(s), 2 left on base; Oakland 1 - Thunder Bay 10
TOP OF THE 9TH
Oakland Oaks batting - Pitching for Thunder Bay Northern Lions BC : LHP Xavier Perea
Batting: LHB Todd Henry 0-0: Called Strike
0-1: Foul Ball, location: 2F
0-2: Foul Ball, location: 2F
0-2: Foul Ball, location: 2F
0-2: Foul Ball, location: 2F
0-2: Strikes out looking
Batting: LHB Todd Williams 0-0: Ball
1-0: Ball
2-0: Ball
3-0: Ground out 4-3 (Groundball, 4)
Batting: RHB Miguel Fernández 0-0: Ball
1-0: Swinging Strike
1-1: Foul Ball, location: 2F
1-2: Strikes out swinging
Top of the 9th over - 0 run(s), 0 hit(s), 0 error(s), 0 left on base; Oakland 1 - Thunder Bay 10
This league is powered by Out of the Park Baseball, the baseball management simulation game for PC, Mac and Linux
Friday, July 8th, 2016 - OOTP Baseball 16.9 Build 39